 Dungeon Crawl Stone Soup version 0.26.0-10-g1f06aea511 (webtiles) character file.

Game seed: 2295909397950134584

48 DildoBatman the Conjurer (level 4, 0/30 HPs)
             Began as a Formicid Conjurer on Jan 14, 2021.
             Slain by a leopard gecko (1 damage)
             ... on level 3 of the Dungeon.
             The game lasted 00:04:59 (2279 turns).

DildoBatman the Conjurer (Formicid Conjurer)        Turns: 2279, Time: 00:04:59

Health: 0/30       AC:  3    Str: 12    XL:     4   Next: 0%
Magic:  7/7        EV: 12    Int: 18    God:
Gold:   79         SH:  0    Dex:  9    Spells: 4/7 levels left

rFire    . . .     SeeInvis +   a - +0 trident
rCold    . . .     Faith    .   (no shield)
rNeg     + . .     Spirit   .   i - +1 robe {rN+}
rPois    .         Reflect  .   (helmet unavailable)
rElec    .         Harm     .   (no cloak)
rCorr    .         Rampage  .   (no gloves)
Will     .....                  (no boots)
Stlth    ++........             (no amulet)
HPRegen  0.10/turn              (no ring)
MPRegen  0.10/turn              (no ring)

@: lethally poisoned (0 -> -3)
A: permanent stasis, dig shafts and tunnels, four strong arms, antennae 3
a: Dig, Shaft Self


You were on level 3 of the Dungeon.
You visited 1 branch of the dungeon, and saw 3 of its levels.

You collected 79 gold pieces.

Inventory:

Hand Weapons
 a - a +0 trident (weapon)
 c - a +0 club
 n - a +2 whip of draining
Missiles
 f - 44 stones
 l - 23 sling bullets
 m - 30 arrows
Armour
 i - a +1 robe of positive energy (worn)
 j - a +0 robe
Scrolls
 d - a scroll of enchant armour {unknown}
 g - 2 scrolls of identify {unknown}
 k - a scroll of fog {unknown}
Potions
 b - 3 potions of heal wounds {unknown}
 e - a potion of curing {unknown}
 h - 2 potions of might {unknown}


   Skills:
 - Level 1.7 Dodging
 - Level 2.4 Stealth
 - Level 2.1 Spellcasting
 * Level 4.8 Conjurations


You had 4 spell levels left.
You knew the following spells:

 Your Spells              Type           Power        Failure   Level
a - Searing Ray           Conj           38%          3%          2
c - Magic Dart            Conj           76%          2%          1

Your spell library contained the following spells:

 Spells                   Type           Power        Failure   Level
 Dazzling Flash           Conj/Hex       20%          21%         3
 Fulminant Prism          Conj/Hex       5%           54%         4
 Iskenderun's Mystic Bla  Conj/Tloc      10%          54%         4


Dungeon Overview and Level Annotations

Branches:
Dungeon (2/15)

Altars:

Annotations:
D:2 Sigmund
D:3 Purgy


Innate Abilities, Weirdness & Mutations

You cannot be hasted, slowed, berserked, paralysed or teleported.
You can dig through walls and to a lower floor.
Your four strong arms can wield two-handed weapons with a shield.
You have a pair of large antennae on your head. (SInv)


Message History

t - Shout!
Orders for allies: a - Attack new target. r - Retreat! s - Stop attacking. g - Guard the area. f - Follow me.
Anything else - Cancel.
You shout for attention!
The leopard gecko bites you. The adder closely misses you.
Purgy the Meek comes into view.
The kobold throws a stone.
The stone barely misses you. What are your orders? t - Shout!
Orders for allies: a - Attack new target. r - Retreat! s - Stop attacking. g - Guard the area. f - Follow me.
Anything else - Cancel.
You shout for attention!
The leopard gecko bites you.
You die...

##############
.............##
#############.#####
######.w#l###
........S@..<#
########.#...#
#.#.### #.#.# #.#S#
#.#.# #.#.# #K#T#


You could see Purgy, a worm, 2 adders, a leopard gecko and a kobold.

Vanquished Creatures
  An adder (D:2)
  A worm (D:1)
  2 dart slugs
  2 leopard geckos (D:1)
  2 orcs (D:2)
  3 goblins (D:2)
  3 hobgoblins
  3 kobolds
  4 bats
  3 frilled lizards
  5 rats (D:2)
29 creatures vanquished.

Notes
Turn   | Place    | Note
-------+----------+-------------------------------------------
     0 | D:1      | DildoBatman the Formicid Conjurer began the quest for the
                  | Orb.
     0 | D:1      | Reached XP level 1. HP: 13/13 MP: 3/3
   626 | D:1      | Reached skill level 4 in Conjurations
   626 | D:1      | Reached XP level 2. HP: 19/19 MP: 0/5
   690 | D:1      | Learned a level 2 spell: Searing Ray
  1091 | D:2      | Noticed Sigmund
  1212 | D:2      | Reached XP level 3. HP: 24/24 MP: 1/6
  1346 | D:2      | Noticed an orc warrior
  2177 | D:2      | Reached XP level 4. HP: 27/30 MP: 0/7
  2180 | D:2      | You fall into a shaft and drop 1 floor!
  2278 | D:3      | HP: 1/30 [leopard gecko (4)]
  2278 | D:3      | Noticed Purgy
  2279 | D:3      | Slain by a leopard gecko

Illustrated notes

Levels and vault maps discovered:
D:1:      tarquinn_simple_flora_water_a, layout_loops_corners, hex_tiny
D:2:      layout_basic, grunt_ministairs_10, uniq_sigmund
D:3:      layout_basic, uniq_purgy

Skill      XL: |  1 |
---------------+----+-----
Conjurations   | 4 |  4.8
Dodging        | |  1.7
Stealth        | |  2.4
Spellcasting   | |  2.1

Action                   |  1- 3 |  4- 6 || total
-------------------------+-------+-------++-------
Melee: Unarmed           |     3 |       ||     3
       Trident           |     1 |       ||     1
 Cast: Magic Dart        |    57 |       ||    57
       Searing Ray       |     3 |       ||     3
 Abil: Dig               |    11 |     6 ||    17
       Shaft Self        |       |     1 ||     1
Armor: Robe              |     4 |     1 ||     5
Dodge: Dodged            |    20 |    15 ||    35
